Map: Simulacrum LE

Players

Lambo

  • Race: Zerg Zerg
  • League: Grandmaster
  • Spawn Location: 5:00

liquidthermy (uThermal) - Winner!

  • Race: Terran Terran
  • Spawn Location: 11:00

VOD

Have the link to the VOD?

Description

Time

  • Played on: April 23, 2020, 1:28 p.m.
  • Length: 9:09
Show
View Real Time Build Order
Export as new Build Order

Lambo Zerg 

Build Orders: Hatch First 

Get SALT Encoding   

  12  0:01  Drone  
  13  0:13  Overlord  
  13  0:18  Drone  
  14  0:32  Drone x2  
  16  0:49  Hatchery  
  15  0:52  Drone  
  15  0:55  Drone  
  17  1:00  Drone  
  18  1:10  Extractor  
  17  1:14  Spawning Pool  
  17  1:18  Drone  
  17  1:21  Drone  
  18  1:29  Drone  
  19  1:40  Drone  
  20  1:53  Overlord  
  20  2:01  Queen x2  
  20  2:02  Zergling x4  
  26  2:12  Metabolic Boost, Drone x2  
  28  2:23  Drone  
  28  2:29  Drone  
  29  2:38  Hatchery  
  29  2:43  Drone x2  
  30  2:49  Drone  
  31  2:51  Overlord  
  31  2:56  Pneumatized Carapace  
  31  2:59  Drone  
  31  3:05  Drone  
  33  3:07  Drone x2  
  35  3:18  Queen  
  35  3:19  Drone x2  
  39  3:21  Overlord  
  39  3:23  Drone  
  40  3:28  Drone x2  
  42  3:40  Queen  
  44  3:43  Drone x2  
  44  3:44  Drone  
  47  3:49  Overlord  
  47  3:53  Zergling x8  
  51  3:57  Roach Warren, Drone  
  51  4:00  Queen  
  51  4:01  Extractor  
  52  4:03  Overlord  
  52  4:06  Drone  
  52  4:09  Overlord  
  53  4:10  Drone  
  55  4:17  Drone  
  55  4:19  Overlord  
  55  4:20  Drone x2  
  57  4:24  Overlord  
  57  4:25  Drone x2  
  57  4:29  Queen  
  61  4:32  Overlord  
  61  4:36  Drone x2  
  65  4:47  Roach x5  
  73  4:53  Roach x2  
  73  4:54  Roach  
  73  4:55  Roach  
  80  5:08  Lair, Queen  
  80  5:12  Drone x2  
  80  5:13  Drone x3  
  87  5:16  Drone x3  
  87  5:17  Drone  
  87  5:20  Spore Crawler x2  
  89  5:22  Spore Crawler  
  89  5:23  Drone  
  89  5:25  Drone  
  89  5:27  Drone  
  89  5:28  Drone  
  92  5:31  Drone x2  
  92  5:32  Drone  
  92  5:33  Drone  
  96  5:36  Drone  
  96  5:38  Extractor x2, Drone x2  
  96  5:42  Queen  
  99  5:43  Extractor  
  99  5:44  Drone  
  99  5:48  Extractor  
  98  5:52  Drone  
  95  5:59  Drone x5  
  95  6:03  Drone x2  
  100  6:05  Queen  
  100  6:10  Spire  
  99  6:12  Drone x3  
  99  6:18  Overlord x2  
  100  6:24  Glial Reconstitution, Overlord  
  100  6:31  Overlord  
  98  6:39  Drone x3  
  93  6:40  Drone x3  
  88  6:55  Extractor  
  88  7:08  Drone x3  
  88  7:09  Drone  
  88  7:11  Overlord  
  90  7:22  Corruptor x7  
  90  7:24  Corruptor  
  90  7:28  Corruptor  
  108  7:32  Corruptor  
  108  7:37  Roach x2  
  114  7:41  Ravager  
  114  7:42  Zergling x2, Roach x2  
  120  7:45  Zergling x2, Roach  
  118  7:53  Roach  
  118  7:54  Zergling x2, Roach x2  
  118  7:57  Roach  
  126  8:01  Roach x2  
  126  8:03  Roach  
  126  8:05  Ravager  
  133  8:09  Roach x2  
  137  8:14  Roach x2  
  137  8:15  Ravager  
  137  8:16  Zergling x4  
  144  8:22  Zergling x4  
  144  8:25  Overlord  
  146  8:28  Overlord  
  146  8:40  Zergling x2  
  146  8:47  Zergling x26  
  157  8:48  Roach  
  157  8:52  Ravager x6  
  162  9:00  Ravager  
Show
View Real Time Build Order
Export as new Build Order

liquidthermy Terran - Winner!

Build Orders: Reaper Expand, Mech 

Get SALT Encoding   

  12  0:01  SCV  
  13  0:14  SCV  
  14  0:17  Supply Depot  
  14  0:26  SCV  
  15  0:38  SCV  
  15  0:39  Barracks  
  16  0:44  Refinery  
  16  0:50  SCV  
  17  1:02  SCV  
  18  1:14  SCV  
  19  1:26  Reaper  
  19  1:27  Orbital Command  
  20  1:40  Command Center  
  20  1:49  Supply Depot  
  20  1:53  SCV  
  21  1:58  Marine  
  22  2:05  SCV  
  22  2:07  Factory  
  23  2:16  Marine  
  23  2:17  SCV  
  23  2:21  Refinery  
  25  2:29  SCV  
  26  2:34  Barracks Reactor  
  26  2:41  SCV  
  27  2:52  Orbital Command  
  27  2:53  SCV  
  27  2:54  Starport  
  28  3:05  SCV  
  28  3:10  Command Center  
  29  3:17  SCV  
  29  3:18  Hellion  
  29  3:19  SCV  
  33  3:30  SCV  
  33  3:32  SCV  
  35  3:35  Fusion Core  
  35  3:37  Hellion  
  37  3:42  SCV  
  37  3:44  SCV  
  37  3:45  Hellion  
  41  3:51  Starport Tech Lab, Supply Depot  
  41  3:54  SCV  
  42  3:56  SCV  
  42  3:58  Hellion  
  45  4:06  SCV  
  46  4:12  SCV  
  46  4:13  Hellion  
  49  4:18  SCV  
  49  4:20  Hellion  
  49  4:23  Orbital Command  
  52  4:26  Battlecruiser  
  52  4:29  SCV  
  52  4:30  SCV  
  60  4:35  Refinery  
  60  4:36  Refinery  
  60  4:40  Supply Depot  
  60  4:41  SCV  
  60  4:42  Hellion  
  60  4:45  Hellion  
  65  4:47  SCV  
  65  4:50  SCV  
  67  4:53  SCV, Supply Depot  
  67  4:59  SCV  
  69  5:05  SCV  
  71  5:09  Factory  
  71  5:10  Hellion  
  71  5:11  Hellion, Factory  
  71  5:12  Orbital Command  
  74  5:14  SCV  
  74  5:16  Supply Depot  
  74  5:17  SCV  
  76  5:30  SCV  
  76  5:31  SCV, Battlecruiser  
  76  5:32  Supply Depot  
  84  5:38  Hellion x2  
  84  5:39  SCV  
  84  5:42  SCV  
  90  5:46  Weapon Refit, Supply Depot  
  90  5:49  SCV  
  91  5:53  SCV  
  90  5:57  SCV  
  89  6:05  Factory Tech Lab  
  89  6:06  Factory Tech Lab  
  89  6:07  SCV x2, Refinery  
  89  6:08  Refinery  
  89  6:09  SCV  
  89  6:10  Supply Depot  
  89  6:11  Hellion x2  
  94  6:19  SCV x2  
  94  6:21  SCV, Supply Depot  
  97  6:26  Siege Tank  
  97  6:27  Siege Tank  
  97  6:31  SCV  
  104  6:33  SCV  
  104  6:38  Hellion x2  
  107  6:45  Battlecruiser  
  113  6:52  SCV  
  110  6:57  SCV  
  110  6:58  Siege Tank  
  110  6:59  Hellion, Supply Depot  
  111  7:03  SCV  
  111  7:06  Hellion x2  
  116  7:10  Armory  
  116  7:11  SCV  
  116  7:15  Engineering Bay  
  117  7:16  Armory, SCV  
  117  7:17  SCV  
  119  7:23  Siege Tank  
  119  7:27  Factory x2, Hellion x2  
  126  7:30  Supply Depot  
  126  7:32  Siege Tank  
  126  7:34  Supply Depot  
  129  7:43  Command Center  
  127  7:55  Battlecruiser  
  127  7:57  Missile Turret  
  127  7:58  Hellion x4  
  127  7:59  Hellion, Missile Turret  
  127  8:03  Missile Turret  
  129  8:06  Missile Turret  
  129  8:13  Command Center  
  129  8:14  Factory Reactor  
  129  8:15  Factory Tech Lab  
  129  8:16  Siege Tank  
  129  8:18  Hellion  
  134  8:21  SCV  
  135  8:28  Cyclone  
  135  8:33  SCV  
  139  8:35  Command Center  
  139  8:36  Cyclone  
  139  8:37  Missile Turret  
  139  8:39  SCV  
  139  8:40  Hellion  
  139  8:41  Hellion  
  147  8:48  SCV  
  148  8:51  Missile Turret  
Tags
 
Add a new tag
Caveats
  • Supply blocks, unpowered buildings, or Contaminate may cause inaccurate times.
  • Supply counts are checked every 10 seconds.